 Dungeon Crawl Stone Soup version 0.18-a0-1468-gaf180a1 (webtiles) character file.

530 namelastname112 the Martial Artist (level 7, -1/57 HPs)
             Began as a Mottled Draconian Monk on Mar 1, 2016.
             Slain by an orc warrior
             ... wielding a +0 war axe
              (11 damage)
             ... on level 4 of the Dungeon.
             The game lasted 00:05:35 (3605 turns).

namelastname112 the Martial Artist (DrMo)           Turns: 3605, Time: 00:05:35

Health: -1/57      AC:  8    Str: 12 (14) XL:     7   Next: 3%
Magic:  7/7        EV: 13    Int:  8 (10) God:
Gold:   31         SH:  6    Dex: 15      Spells: 0 memorised, 6 levels left

rFire  . . .     SeeInvis .       - Unarmed
rCold  . . .     Gourm    .     (armour unavailable)
rNeg   . . .     Faith    .     (no shield)
rPois  .         Spirit   .     (helmet restricted)
rElec  .         Dismiss  .     f - +0 cloak
rCorr  .         Reflect  +     t - +0 pair of gloves (curse)
SustAt .         Harm     .     (no boots)
MR     .....                    j - +6 amulet of reflection
Stlth  ++........               (no ring)
                                (no ring)

@: not resistant to hostile enchantments, unstealthy
A: breathe sticky flame splash, unfitting armour, cold-blooded, AC +6
a: Breathe Sticky Flame


You were on level 4 of the Dungeon.
You were very hungry.

You visited 1 branch of the dungeon, and saw 4 of its levels.

You collected 281 gold pieces.
You spent 250 gold pieces at shops.

Inventory:

Armour
 f - a +0 cloak (worn)
 t - a cursed +0 pair of gloves (worn)
Jewellery
 j - a +6 amulet of reflection (around neck)
Wands
 m - a wand of digging (1/24)
Scrolls
 b - 3 scrolls of enchant weapon {unknown}
 c - 2 scrolls of teleportation {unknown}
 e - 4 scrolls of identify {unknown}
 g - 2 scrolls of remove curse {unknown}
 h - a scroll of fear {unknown}
 n - 4 scrolls of fog {unknown}
 q - a scroll of magic mapping {unknown}
Potions
 i - a potion of heal wounds {unknown}
 k - a potion of curing
 u - a potion of resistance {unknown}
Comestibles
 a - 4 bread rations
 d - a slice of pizza
 p - 7 fruits


   Skills:
 - Level 3.2 Fighting
 - Level 2.6 Dodging
 - Level 1.7 Stealth
 + Level 8.5 Unarmed Combat


You had 6 spell levels left.
You didn't know any spells.

Dungeon Overview and Level Annotations

Branches:
Dungeon (4/15)
 Temple: D:4-7

Altars:
Ashenzari
Elyvilon
Kikubaaqudgha
Nemelex Xobeh
Pakellas
Xom

Shops:
D:4 =


Innate Abilities, Weirdness & Mutations

You can spit globs of burning liquid.
You can ignite nearby creatures when you spit burning liquid.
Your weird mottled scales are hard (AC +6).
Your body does not fit into most forms of armour.
You are cold-blooded and may be slowed by cold attacks.


Message History

The orc warrior is almost dead.
The orc warrior hits you with a war axe!!
You barely miss the orc warrior.
Your tail-slap misses the orc warrior.
The orc warrior is almost dead.
You hit the orc warrior but do no damage.
You tail-slap the orc warrior, but do no damage.
The orc warrior is almost dead.
The orc warrior hits you with a war axe!
* * * LOW HITPOINT WARNING * * *
You are too injured to fight recklessly!
Press: ? - help, Shift-Dir - straight line, f - orc warrior
Aim: an orc warrior, wielding a war axe and wearing a plate armour (almost dead)
You fail to use your ability.
The orc warrior closely misses you.
The orc wizard gestures wildly while chanting.
The orc wizard blinks!
You hit the orc warrior but do no damage.
You tail-slap the orc warrior.
The orc warrior is almost dead.
The orc warrior hits you with a war axe!
You die...

#.##.........
#...................
##.......#####...o.
##..."...## #.....
..........# #....
##........# ..o.
##.<......# o§#
#.........### #o#
..###..#....# #@#
######......# #.#
##..........# #.#
##.#####....# #.###
#..# #....# #...##
#.## ###### ###..#
..# ##.# .)## #.#
#..################.#


You could see an orc warrior, an orc wizard and 2 orcs.

Vanquished Creatures
  2 ogres (D:4)
  A scorpion (D:3)
  2 hounds (D:4)
  An orc wizard (D:4)
  An orc priest (D:4)
  A worker ant (D:4)
  6 adders
  2 oozes
  2 worms
  2 dart slugs
  3 giant geckos
  6 orcs
  5 bats
  9 giant cockroaches
  4 goblins
  7 hobgoblins
  16 jackals
  12 kobolds
  A quokka (D:4)
  4 giant newts
  10 rats
97 creatures vanquished.

Notes
Turn   | Place    | Note
--------------------------------------------------------------
     0 | D:1      | namelastname112 the Draconian Monk began the quest for the Orb.
     0 | D:1      | Reached XP level 1. HP: 19/19 MP: 1/1
   245 | D:1      | Reached XP level 2. HP: 19/26 MP: 2/2
   748 | D:1      | Reached skill level 5 in Unarmed Combat
   748 | D:1      | Reached XP level 3. HP: 27/31 MP: 3/3
   917 | D:2      | Found a shattered altar of Ashenzari.
   955 | D:2      | Found a white marble altar of Elyvilon.
  1369 | D:2      | Reached XP level 4. HP: 38/38 MP: 4/4
  1743 | D:3      | Reached skill level 6 in Unarmed Combat
  1880 | D:3      | Found a sparkling altar of Nemelex Xobeh.
  1913 | D:3      | Reached XP level 5. HP: 33/45 MP: 5/5
  2252 | D:3      | Found an oddly glowing altar of Pakellas.
  2397 | D:3      | Found an ancient bone altar of Kikubaaqudgha.
  2463 | D:3      | Found a shimmering altar of Xom.
  2643 | D:4      | xeno23: а гаргулья то
  2643 | D:4      | xeno23: не может в статую
  2643 | D:4      | namelastname112: ну да
  2643 | D:4      | namelastname112: раньше могла
  2680 | D:4      | Found Geunian's Jewellery Shop.
  2790 | D:4      | Reached skill level 7 in Unarmed Combat
  2792 | D:4      | Noticed an ogre
  2814 | D:4      | Reached XP level 6. HP: 19/51 MP: 6/6
  3094 | D:4      | Bought a +6 amulet of reflection for 250 gold pieces
  3281 | D:4      | Reached skill level 8 in Unarmed Combat
  3585 | D:4      | Noticed an orc warrior
  3592 | D:4      | Your scales start taking on a weird mottled colour.
  3592 | D:4      | Reached XP level 7. HP: 57/57 MP: 7/7
  3605 | D:4      | Slain by an orc warrior

Vault maps used:
D:1:      dpeg_arrival_circle_labyrinth_a, st_stairs_10
D:2:      kennysheep_six_static_rooms, lemuel_coloured_pillars_altar,
          overflow_temple_1_default
D:3:      johnstein_pakellas_dig, old_standard_altar,
          nicolae_overflow_crystal_walls, nrook_loot_triangle,
          nemelex_diamond_rough_becter
D:4:      serial_shops, nicolae_shop_waterfront, uniq_sigmund

Skill      XL: |  1  2  3  4  5  6 |
---------------+-------------------+-----
Unarmed Combat | 5 6 7 8 |  8.5
Fighting       | |  3.2
Dodging        | |  2.6
Stealth        | |  1.7

Action                   |  1- 3 |  4- 6 |  7- 9 || total
-------------------------+-------+-------+-------++-------
Melee: Unarmed           |   159 |   207 |    12 ||   378
  Use: Potion            |       |     6 |       ||     6
 Stab: Sleeping          |     2 |     2 |       ||     4
       Distracted        |     1 |     2 |       ||     3
  Eat: Chunk             |     2 |     6 |       ||     8
